 Dungeon Crawl Stone Soup version 0.30-a0-946-gec5dcfc036 (webtiles) character file.

Game seed: 3423605284439626558

22689 mopl the Covert (level 13, -1/74 HPs)
             Began as an Octopode Hedge Wizard on Mar 26, 2023.
             Was a High Priest of Dithmenos.
             Slain by a komodo dragon (25 damage)
             ... on level 10 of the Dungeon.
             The game lasted 00:29:33 (11730 turns).

mopl the Covert (Octopode Hedge Wizard)            Turns: 11730, Time: 00:29:34

Health: -1/74      AC:  9    Str:  8    XL:     13   Next: 1%
Magic:  25/25      EV: 15    Int: 25    God:    Dithmenos [*****.]
Gold:   783        SH: 17    Dex: 17    Spells: 14/28 levels left

rFire   . . .      SeeInvis .    a - +7 Throatcutter {drain, coup de grace}
rCold   + + .      Faith    .    w - +1 tower shield {reflect}
rNeg    + . .      Spirit   .    s - +0 hat
rPois   .          Reflect  +    k - amulet of regeneration
rElec   .          Rampage  .    q - +4 ring of protection
rCorr   .                        r - +5 ring of evasion
Will    .....                    y - ring of positive energy
Stlth   ++++++++++               C - ring of flight
HPRegen 1.12/turn                I - +6 ring of dexterity
MPRegen 0.19/turn                J - +4 ring of protection
                                 (no ring)
                                 (no ring)

@: flying, wreathed by umbra
A: almost no armour, amphibious, 8 rings, camouflage 1, gelatinous body 1,
(nimble swimmer 1), tentacles, clever 1, cold resistance 2
a: Renounce Religion, Shadow Step, Shadow Form


You were on level 10 of the Dungeon.
You worshipped Dithmenos.
Dithmenos was extremely pleased with you.
You visited 4 branches of the dungeon, and saw 15 of its levels.
You also visited: Bailey.

You collected 1542 gold pieces.
You spent 759 gold pieces at shops.

Inventory:

Hand Weapons
 a - the +7 Throatcutter (weapon) {drain, coup de grace}
   (You took it off Terence on level 3 of the Dungeon)
 b - a +2 dagger of electrocution
 N - a +0 short sword of venom
 R - the +5 scimitar of Fate {pain, Dex+5}
   (You found it on level 11 of the Dungeon)

   Dex:       It affects your dexterity (+5).
Missiles
 e - 14 javelins
 n - 50 poisoned darts
 p - 2 silver boomerangs
 O - 14 boomerangs
 U - a curare-tipped dart
Armour
 s - a +0 hat (worn)
 w - a +1 tower shield of reflection (worn)
Jewellery
 k - an amulet of regeneration (around mantle)
 q - a +4 ring of protection (left tentacle)
 r - a +5 ring of evasion (right tentacle)
 y - a ring of positive energy (on tentacle)
 C - a ring of flight (on tentacle)
 I - a +6 ring of dexterity (on tentacle)
 J - a +4 ring of protection (on tentacle)
 W - a ring of ice
Wands
 i - a wand of flame (18)
 E - a wand of paralysis (1)
 G - a wand of acid (5)
 P - a wand of roots (18)
 V - a wand of mindburst (6)
Scrolls
 l - 4 scrolls of teleportation
 m - 5 scrolls of blinking
 o - 4 scrolls of vulnerability
 t - 3 scrolls of enchant weapon
 x - a scroll of magic mapping
 z - a scroll of silence {!r}
 A - 2 scrolls of fear
 B - a scroll of summoning
 D - 3 scrolls of poison
 L - 3 scrolls of immolation
 Q - 3 scrolls of brand weapon
 S - 2 scrolls of fog
 T - 2 scrolls of enchant armour
Potions
 c - a potion of magic
 d - 10 potions of curing
 f - 3 potions of flight
 g - 3 potions of ambrosia
 h - a potion of resistance
 j - a potion of berserk rage {!q}
 u - 3 potions of heal wounds
 v - 5 potions of lignification {!q}
 F - a potion of invisibility
 H - 2 potions of might
 K - 4 potions of mutation {!q}
 M - 3 potions of haste
 X - 4 potions of brilliance
 Y - a potion of cancellation
Miscellaneous
 Z - a box of beasts


   Skills:
 - Level 2.0 Fighting
 + Level 7.4 Long Blades
 - Level 2.0 Dodging
 + Level 11.0 Stealth
 + Level 8.0 Shields
 + Level 8.3 Spellcasting
 - Level 4.0 Conjurations
 * Level 6.1 Hexes
 - Level 1.0 Summonings
 - Level 4.0 Translocations
 + Level 4.3 Transmutations
 + Level 4.4 Earth Magic
 + Level 6.2 Invocations
 + Level 8.9 Evocations


You had 14 spell levels left.
You knew the following spells:

 Your Spells              Type           Power      Damage    Failure   Level
a - Magic Dart            Conj           100%       1d8       9%          1
b - Ensorcelled Hibernat  Hex/Ice        50%        N/A       19%         2
c - Mephitic Cloud        Conj/Pois/Air  17%        N/A       63%         3
e - Blink                 Tloc           60%        N/A       14%         2
p - Passwall              Tmut/Erth      26%        N/A       12%         2
t - Petrify               Tmut/Erth      32%        N/A       58%         4

Your spell library contained the following spells:

 Spells                   Type           Power      Damage    Failure   Level
 Slow                     Hex            100%       N/A       3%          1
 Lesser Beckoning         Tloc           60%        N/A       14%         2
 Gell's Gravitas          Tloc           30%        N/A       26%         3
 Teleport Other           Tloc           30%        N/A       26%         3
 Inner Flame              Hex/Fire       25%        N/A       36%         3
 Call Imp                 Summ           15%        N/A       41%         2
 Cigotuvi's Dreadful Rot  Necr/Pois/Air  20%        N/A       56%         2
 Sublimation of Blood     Necr           10%        N/A       56%         2
 Swiftness                Air            10%        N/A       80%         3
 Yara's Violent Unravell  Hex/Tmut       18%        3d9       82%         5
 Flame Wave               Conj/Fire      20%        2d7       90%         4
 Sticky Flame             Conj/Fire      20%        2d4       90%         4
 Irradiate                Conj/Tmut      15%        3d16      92%         5
 Enfeeble                 Hex            20%        N/A       100%        7


Dungeon Overview and Level Annotations

Branches:
Dungeon (11/15)            Temple (1/1) D:5            Lair (1/5) D:10
    Orc (2/2) D:11            Elf (0/3) Orc:2        Bailey (visited)

Altars:
Ashenzari
Cheibriados
Dithmenos
Elyvilon
Fedhas
Gozag
Hepliaklqana
Kikubaaqudgha
Makhleb
Nemelex Xobeh
Okawaru
Qazlal
Ru
Sif Muna
Trog
Uskayaw
Vehumet
Wu Jian
Xom
Yredelemnul
Zin
The Shining One

Shops:
D:5 =[!   D:9 *   Orc:1 ?   Orc:2 [?[=


Innate Abilities, Weirdness & Mutations

You cannot wear most types of armour.
You are amphibious.
You can wear up to eight rings at the same time.
Your skin changes colour to match your surroundings (Stealth+).
Your rubbery body absorbs attacks. (AC +1, EV +1)
((You are camouflaged when in or above water. (Stealth+)))
You have tentacles for arms and can constrict up to eight enemies at once.
Your mind is acute. (Int +4, Str/Dex -1)
Your flesh is very cold resistant. (rC++)


Message History

Dithmenos accepts your kill.
You constrict the water moccasin.
You kill the water moccasin!
Dithmenos accepts your kill.
You feel sick.
You have reached level 13!
You start resting.
You feel sick. x6
You are no longer poisoned.
You start resting.
HP restored.
You can't go up here!
You fly downwards.
Welcome back to the Lair of Beasts!
The burning bush throws fire at you. The puff of flame hits you!
You block the cane toad's attack. You block the komodo dragon's attack.
The cane toad stings you! The komodo dragon bites you!
There is a staircase back to the Dungeon, spattered with blood here.
Unknown command.
You block the cane toad's attack. The burning bush throws fire at you.
The puff of flame hits you. You block the komodo dragon's attack.
You fly upwards.
Welcome back to the Dungeon!
There is a staircase to the Lair, spattered with blood here.
Unknown command.
You slash the cane toad! Your grab misses the cane toad.
The cane toad is moderately wounded.
The cane toad stings you.
You are poisoned.
The cane toad poisons you! You block the komodo dragon's attack.
Unknown command.
You hit the cane toad but do no damage. You drain the cane toad.
You grab the cane toad.
The cane toad is heavily wounded.
You constrict the cane toad, but do no damage.
You feel extremely sick. You block the cane toad's attack.
You block the komodo dragon's attack. The cane toad stings you!
* * * LOW HITPOINT WARNING * * *
You feel better.
You constrict the cane toad. The komodo dragon bites you!!
You die...

.........#..#............##......
.........#............#..##......
.........~....##.#...[.####......
........~.................#......
.....##...........#.#....##......
.....##......#.#..###....##......
............###...#.#............
......~......#.†...#.............
......#........F@................
######.......#.l..........#......
#######...#.###....##.....#......
.......~.....#.#..#.......#......
.......#....#.#.....#.....#######
.........................########
...............###.....#.........
.................................
...####..........................


You could see a komodo dragon and a cane toad (drained).

Vanquished Creatures
  A tengu reaver (D:11)
  Snorg (D:10)
  A boulder beetle (D:11)
  An orc high priest (Orc:1)
  7 orc sorcerers
  2 orc knights (Bailey)
  2 cyclopes (Orc:1)
  A black mamba (D:10)
  A rime drake (D:10)
  A komodo dragon (D:10)
  2 kobold demonologists (D:11)
  3 trolls
  4 blink frogs
  A water elemental (D:11)
  A shadow (D:10)
  3 wraiths
  A vampire (D:10)
  7 yaks
  4 steam dragons (D:7)
  13 wargs
  An acid dragon (D:11)
  5 water moccasins
  2 sky beasts
  23 orc warriors
  3 ice beasts
  6 ogres
  5 wolves
  2 centaurs
  3 phantoms
  7 kobold brigands
  A bullfrog (D:9)
  6 scorpions
  12 wights
  13 killer bees
  3 howler monkeys (D:10)
  An electric eel (D:11)
  2 hounds
  5 jellies
  22 orc priests
  2 gnoll boudas
  Terence (D:3)
  35 orc wizards
  3 iguanas
  Robin (D:4)
  12 gnolls
  6 adders
  3 shadow imps
  2 white imps
  4 worms
  A dart slug (D:1)
  81 orcs
  16 endoplasms
  4 giant cockroaches (D:1)
  14 goblins
  8 hobgoblins
  3 jackals (D:3)
  28 kobolds
  2 quokkas
  13 ball pythons
  7 bats
  2 frilled lizards
  10 rats
437 creatures vanquished.

Vanquished Creatures (others)
  2 orc wizards (Orc:2)
  An orc (Orc:2)
  2 fungi (D:2)
  7 toadstools (D:2)
12 creatures vanquished.

Grand Total: 449 creatures vanquished

Notes
Turn   | Place    | Note
-------+----------+-------------------------------------------
     0 | D:1      | mopl the Octopode Hedge Wizard began the quest for the Orb.
     0 | D:1      | Reached XP level 1. HP: 11/11 MP: 4/4
   103 | D:1      | Reached XP level 2. HP: 5/17 MP: 4/6
   604 | D:1      | Reached XP level 3. HP: 21/21 MP: 4/7
   657 | D:1      | Learned a level 2 spell: Blink
   945 | D:2      | Reached skill level 2 in Conjurations
   959 | D:2      | Reached skill level 2 in Translocations
  1072 | D:2      | Reached skill level 1 in Evocations
  1072 | D:2      | Reached XP level 4. HP: 27/27 MP: 2/9
  1759 | D:3      | Reached XP level 5. HP: 31/31 MP: 1/10
  1795 | D:3      | Noticed Terence
  1806 | D:3      | Learned a level 3 spell: Mephitic Cloud
  1944 | D:3      | Killed Terence
  2103 | D:3      | Reached skill level 1 in Shields
  2478 | D:3      | Found a faded altar of an unknown god.
  2611 | D:4      | Reached skill level 4 in Spellcasting
  2611 | D:4      | Reached skill level 2 in Evocations
  2611 | D:4      | Reached XP level 6. HP: 36/36 MP: 7/12
  2635 | D:4      | Reached skill level 3 in Conjurations
  2635 | D:4      | Found an opulent altar of Gozag.
  2680 | D:4      | Reached skill level 3 in Translocations
  2722 | D:4      | Noticed Robin
  2726 | D:4      | Killed Robin
  3061 | D:5      | Entered Level 5 of the Dungeon
  3078 | D:5      | Reached skill level 2 in Shields
  3166 | D:5      | Reached XP level 7. HP: 41/41 MP: 10/13
  3333 | D:5      | Reached skill level 3 in Evocations
  3342 | D:5      | Found Hommiry's Distillery.
  3350 | D:5      | Bought a potion of might for 44 gold pieces
  3350 | D:5      | Bought a potion of curing for 33 gold pieces
  3350 | D:5      | Bought a potion of heal wounds for 55 gold pieces
  3388 | D:5      | Found Turij's Armour Emporium.
  3414 | D:5      | Found a staircase to the Ecumenical Temple.
  3426 | Temple   | Entered the Ecumenical Temple
  3531 | Temple   | Became a worshipper of Dithmenos the Shadowed
  3600 | D:5      | Found Muitrex's Jewellery Boutique.
  3904 | D:5      | Bought a potion of mutation for 88 gold pieces
  3968 | D:6      | Reached skill level 3 in Stealth
  4024 | D:6      | Found a broken altar of Ashenzari.
  4032 | D:6      | Noticed a wraith
  4033 | D:6      | Reached skill level 1 in Long Blades
  4033 | D:6      | Reached skill level 3 in Shields
  4033 | D:6      | Reached skill level 4 in Conjurations
  4033 | D:6      | Reached XP level 8. HP: 46/46 MP: 13/15
  4036 | D:6      | Reached skill level 4 in Translocations
  4036 | D:6      | Killed a wraith
  4074 | D:7      | Found a blossoming altar of Fedhas.
  4077 | D:7      | Reached skill level 4 in Stealth
  4077 | D:7      | Reached skill level 4 in Evocations
  4093 | D:7      | Reached skill level 2 in Long Blades
  4093 | D:7      | Reached skill level 5 in Spellcasting
  4194 | D:6      | Reached skill level 4 in Shields
  4202 | D:6      | Reached skill level 5 in Stealth
  4405 | D:6      | Reached skill level 3 in Long Blades
  4487 | D:6      | Reached * piety under Dithmenos
  4488 | D:6      | Reached XP level 9. HP: 51/51 MP: 17/17
  4557 | D:6      | Reached skill level 5 in Evocations
  4652 | D:7      | Identified the +5 short sword "Dragonbane" {pain, Fragile
                  | rElec rF+ Stlth+}
  4733 | D:7      | Reached skill level 6 in Stealth
  4779 | D:7      | Reached skill level 5 in Shields
  4781 | D:7      | Reached skill level 6 in Spellcasting
  4813 | D:7      | Reached skill level 4 in Long Blades
  5111 | D:7      | Reached skill level 7 in Stealth
  5111 | D:7      | Reached skill level 6 in Evocations
  5173 | D:7      | Reached ** piety under Dithmenos
  5689 | D:8      | Reached skill level 1 in Invocations
  5705 | D:8      | Found a flagged portal.
  5709 | D:8      | Reached XP level 10. HP: 55/55 MP: 19/19
  5740 | Bailey   | Entered a bailey
  5813 | Bailey   | Noticed an orc knight
  5886 | Bailey   | Noticed an orc knight
  5888 | Bailey   | Reached skill level 5 in Long Blades
  5895 | Bailey   | Reached skill level 2 in Invocations
  5897 | Bailey   | Killed an orc knight
  5898 | Bailey   | Reached skill level 8 in Stealth
  5898 | Bailey   | Reached skill level 6 in Shields
  5908 | Bailey   | Killed an orc knight
  6148 | D:8      | Identified the +8 halberd of Courage {freeze, rPois rN+
                  | Will+ Stlth+}
  6240 | D:5      | Bought a potion of haste for 110 gold pieces
  6346 | D:8      | Reached skill level 3 in Invocations
  6350 | D:8      | Reached skill level 7 in Evocations
  6350 | D:8      | Reached *** piety under Dithmenos
  6437 | D:8      | Found a hazy altar of Hepliaklqana.
  6480 | D:8      | Reached skill level 7 in Spellcasting
  6659 | D:9      | Found a white marble altar of Elyvilon.
  6745 | D:9      | Learned a level 4 spell: Petrify
  6776 | D:9      | Found Seathrov's General Store.
  6788 | D:9      | Bought a scroll of identify for 26 gold pieces
  6788 | D:9      | Bought a scroll of fear for 52 gold pieces
  6788 | D:9      | Bought a scroll of teleportation for 39 gold pieces
  6880 | D:9      | Reached skill level 1 in Fighting
  6880 | D:9      | Reached skill level 1 in Transmutations
  6880 | D:9      | Reached skill level 1 in Earth Magic
  6908 | D:9      | Learned a level 2 spell: Ensorcelled Hibernation
  6911 | D:9      | Learned a level 2 spell: Passwall
  6921 | D:9      | Reached XP level 11. HP: 56/63 MP: 21/21
  7036 | D:9      | Found a burning altar of Makhleb.
  7136 | D:9      | Reached skill level 9 in Stealth
  7289 | D:10     | Entered Level 10 of the Dungeon
  7376 | D:10     | Noticed Snorg
  7378 | D:10     | Reached skill level 4 in Invocations
  7446 | D:10     | Reached skill level 1 in Hexes
  7620 | D:10     | Found a staircase to the Lair.
  7666 | D:10     | Reached **** piety under Dithmenos
  7667 | D:10     | Reached skill level 6 in Long Blades
  7766 | D:10     | Found an ornate altar of the Wu Jian Council.
  8031 | D:10     | Reached skill level 2 in Hexes
  8104 | D:10     | Found an ornate altar of the Wu Jian Council.
  8397 | D:10     | Killed Snorg
  8398 | D:10     | Reached skill level 2 in Fighting
  8398 | D:10     | Reached skill level 2 in Transmutations
  8398 | D:10     | Reached skill level 2 in Earth Magic
  8478 | D:10     | Found a staircase to the Lair.
  8762 | D:11     | Reached skill level 7 in Shields
  8861 | D:11     | Noticed a tengu reaver
  8867 | D:11     | Reached skill level 3 in Hexes
  9002 | D:11     | Noticed a sun demon
  9054 | D:11     | Noticed a boulder beetle
  9100 | D:11     | Killed a boulder beetle
  9165 | D:11     | Found a staircase to the Orcish Mines.
  9393 | D:11     | Reached skill level 5 in Invocations
  9436 | D:11     | Identified the +5 scimitar of Fate {pain, Dex+5}
  9505 | D:11     | Killed a tengu reaver
  9506 | D:11     | Reached skill level 10 in Stealth
  9506 | D:11     | Reached skill level 4 in Hexes
  9506 | D:11     | Reached skill level 8 in Evocations
  9559 | Orc:1    | Entered Level 1 of the Orcish Mines
  9575 | Orc:1    | Reached skill level 3 in Earth Magic
  9578 | D:11     | Reached skill level 3 in Transmutations
  9580 | D:11     | Reached XP level 12. HP: 58/70 MP: 23/23
  9692 | Orc:1    | Found Uvoyw's Magic Scroll Shoppe.
  9706 | Orc:1    | Bought a scroll of noise for 16 gold pieces
  9708 | Orc:1    | Bought a scroll of silence for 152 gold pieces
  9708 | Orc:1    | Bought a scroll of teleportation for 48 gold pieces
  9708 | Orc:1    | Bought a scroll of identify for 32 gold pieces
  9708 | Orc:1    | Bought a scroll of identify for 32 gold pieces
  9708 | Orc:1    | Bought a scroll of identify for 32 gold pieces
  9968 | Orc:2    | Entered Level 2 of the Orcish Mines
  9976 | Orc:2    | Reached ***** piety under Dithmenos
 10184 | Orc:2    | Noticed a soul eater
 10370 | Orc:2    | Reached skill level 5 in Hexes
 10404 | Orc:2    | Paralysed by an orc sorcerer for 2 turns
 10413 | Orc:2    | Gained mutation: You are occasionally teleported next to
                  | monsters. [a neqoxec]
 10415 | Orc:2    | Reached skill level 7 in Long Blades
 10418 | Orc:2    | Reached skill level 8 in Spellcasting
 10425 | Orc:1    | Lost mutation: You are occasionally teleported next to
                  | monsters. [potion of mutation]
 10425 | Orc:1    | Gained mutation: Your mind is acute. (Int +4, Str/Dex -1)
                  | [potion of mutation]
 10425 | Orc:1    | Gained mutation: Your flesh is cold resistant. (rC+)
                  | [potion of mutation]
 10425 | Orc:1    | Gained mutation: Your flesh is very cold resistant. (rC++)
                  | [potion of mutation]
 10553 | Orc:2    | Paralysed by an orc sorcerer for 4 turns
 10754 | Orc:2    | Found Bioskyng's Magic Scroll Shop.
 10754 | Orc:2    | Found Adueploss's Antique Armour Emporium.
 10799 | Orc:2    | Reached skill level 4 in Earth Magic
 11002 | Orc:2    | Found Oshar's Antique Armour Emporium.
 11002 | Orc:2    | Found Wuekuor's Jewellery Shop.
 11039 | Orc:2    | Found a staircase to the Elven Halls.
 11160 | Orc:1    | Noticed an orc high priest
 11167 | Orc:2    | Reached skill level 4 in Transmutations
 11176 | Orc:2    | Reached skill level 6 in Invocations
 11483 | Orc:1    | Noticed a sun demon
 11484 | Orc:1    | Killed an orc high priest
 11673 | Lair:1   | Entered Level 1 of the Lair of Beasts
 11678 | Lair:1   | Reached skill level 6 in Hexes
 11683 | D:10     | Reached skill level 11 in Stealth
 11685 | D:10     | Reached skill level 8 in Shields
 11703 | D:10     | Reached XP level 13. HP: 56/74 MP: 25/25
 11730 | D:10     | Slain by a komodo dragon

Illustrated notes

Levels and vault maps discovered:
D:1:      lightli_iron_boxes, layout_basic
D:2:      cheibrodos_fertilizer, layout_basic, minmay_misc_feat_iff
D:3:      layout_loops_corners, chequers_ecumenical_altar_simple_redux,
          fountainhead, uniq_terence
D:4:      layout_rooms, grunt_gozag_statues, uniq_robin
D:5:      layout_gridville, minmay_temple_entry_drinking_statues, serial_shops,
          nicolae_shop_statue_plus, shop, shop
D:6:      layout_basic, cheibrodos_ashenzari_chains
D:7:      layout_basic, fedhas_altar_2, chequers_serial_rivers_micro_d
D:8:      layout_rooms, nicolae_overflow_hidden_temple, enter_bailey_7
D:9:      layout_big_octagon, nicolae_elyvilon_peaceful_grove,
          mainiacjoe_overflow_tiny_flanked, serial_shops, shop
D:10:     layout_stronghold, nzn_wu_jian_contemplation, hellmonk_lair_entry_icy,
          david_defended_altar_orc, uniq_snorg
D:11:     layout_basic, orc_0_dummy, kennysheep_island_fort
Temple:   regret_index_temple_waves
Lair:1:   layout_small_grid, evilmike_ambush [evilmike_ambush_outer_pillars,
          evilmike_ambush_inner_wall_1], uniq_erica
Orc:1:    layout_caves, serial_shops, nicolae_shop_stone, mines5_lemuel
Orc:2:    st_orc_town, layout_caves

Skill      XL: |  1  2  3  4  5  6  7  8  9 10 11 12 |
---------------+-------------------------------------+-----
Conjurations   | 2 3 4 |  4.0
Translocations | 2 3 4 |  4.0
Evocations     | 1 2 3 4 6 7 8 |  8.9
Shields        | 1 2 3 4 5 6 7 8 |  8.0
Spellcasting   | 4 5 6 7 8 |  8.3
Stealth        | 3 5 7 8 10 11 | 11.0
Long Blades    | 1 3 4 5 6 7 |  7.4
Invocations    | 1 3 5 6 |  6.2
Fighting       | 1 2 |  2.0
Transmutations | 1 3 4 |  4.3
Earth Magic    | 1 3 4 |  4.4
Hexes          | 4 6 |  6.1
Dodging        | |  2.0
Summonings     | |  1.0

Action                     |  1- 3 |  4- 6 |  7- 9 | 10-12 | 13-15 || total
---------------------------+-------+-------+-------+-------+-------++-------
  Melee: Dagger            |    48 |       |     1 |     2 |       ||    51
         Constrict         |    15 |    20 |    32 |    93 |     1 ||   161
         Tentacles         |    10 |    16 |    38 |   110 |       ||   174
         Staff             |    15 |    22 |       |       |       ||    37
         Punch             |     1 |     1 |     1 |     3 |       ||     6
         Long sword        |       |    68 |   157 |   530 |     2 ||   757
  Throw: Dart              |       |       |       |     1 |       ||     1
   Cast: Magic Dart        |    30 |    40 |       |    12 |       ||    82
         Mephitic Cloud    |       |     4 |       |     5 |       ||     9
  Evoke: Wand              |       |       |       |    10 |       ||    10
    Use: Potion            |       |       |     1 |     1 |     1 ||     3
         Scroll            |       |       |       |    21 |       ||    21
   Stab: Sleeping          |     5 |     8 |    14 |    26 |       ||    53
         Confused          |       |     2 |       |       |       ||     2
         Paralysed         |       |       |       |     4 |       ||     4
         Distracted        |       |       |       |     2 |       ||     2
 Armour: Skin              |    11 |    23 |    43 |   100 |       ||   177
  Dodge: Dodged            |    55 |    71 |   129 |   419 |       ||   674
  Block: Tower shield      |       |       |       |   615 |     7 ||   622
         Reflection        |       |       |       |    18 |       ||    18

Table legend: (Time is in decaauts)
 A = Elapsed time spent in this place.
 B = Non-inter-level travel time spent in this place.
 C = Inter-level travel time spent in this place.
 D = Time resting spent in this place.
 E = Time spent auto-exploring this place.
 F = Levels seen in this place.
 G = Mean time per level.
                   A        B        C        D        E       F      G
               +--------+--------+--------+--------+--------+-----+--------+
         Total |  12044 |  11274 |    770 |    953 |   6910 |  16 |  752.8 |
       Dungeon |   9361 |   8706 |    655 |    380 |   5954 |  11 |  851.0 |
        Temple |    138 |    105 |     33 |      0 |     87 |   1 |  138.0 |
          Lair |     12 |     12 |      0 |      0 |      0 |   1 |   12.0 |
  Orcish Mines |   2151 |   2071 |     80 |    472 |    771 |   2 | 1075.5 |
        Bailey |    380 |    380 |      0 |    101 |     98 |   1 |  380.0 |
               +--------+--------+--------+--------+--------+-----+--------+

Top non-repeatable levels by time:
    D:10: 1549 daAuts
   Orc:2: 1139 daAuts
     D:2: 1017 daAuts
   Orc:1: 1011 daAuts
     D:7: 998 daAuts
    D:11: 936 daAuts
     D:3: 894 daAuts
     D:5: 807 daAuts
     D:6: 725 daAuts
     D:1: 700 daAuts
     D:9: 659 daAuts
     D:8: 596 daAuts
     D:4: 476 daAuts
  Bailey: 380 daAuts
  Temple: 138 daAuts
